 Dungeon Crawl Stone Soup version 0.29.1-2-gbd0b4ee654 (webtiles) character file.

Game seed: 17222617729732483281

13029 tezeta the Severer (level 11, -4/156 HPs)
             Began as a Minotaur Berserker on Nov 20, 2022.
             Was an Elder of Trog.
             Slain by a troll (8 damage)
             ... on level 2 of the Orcish Mines.
             The game lasted 02:40:00 (12468 turns).

tezeta the Severer (Minotaur Berserker)            Turns: 12468, Time: 02:40:00

Health: -4/156     AC: 20    Str: 30    XL:     11   Next: 70%
Magic:  3/10       EV:  8    Int:  3    God:    Trog [****..]
Gold:   2128       SH:  0    Dex:  9    Spells: 10/10 levels left

rFire   . . .      SeeInvis .   y - +0 battleaxe (vamp)
rCold   . . .      Faith    .   (shield currently unavailable)
rNeg    . . .      Spirit   .   h - +2 plate armour
rPois   .          Reflect  .   (helmet restricted)
rElec   .          Harm     .   v - +2 cloak
rCorr   .          Rampage  .   (no gloves)
Will    +....                   (no boots)
Stlth   ..........              (no amulet)
HPRegen 0.36/turn               n - ring of flight
MPRegen 0.12/turn               b - ring of willpower

@: berserking (expiring), flying, studying Evocations, very quick
A: horns 2, retaliatory headbutt, strong 1
a: Renounce Religion, Berserk, Trog's Hand, Brothers in Arms


You were on level 2 of the Orcish Mines.
You worshipped Trog.
Trog was greatly pleased with you.
You visited 3 branches of the dungeon, and saw 12 of its levels.
You also visited: Sewer and Bailey.

You collected 2128 gold pieces.

Inventory:

Hand Weapons
 l - a +1 vampiric war axe
 y - a +0 vampiric battleaxe (weapon)
 z - a +2 battleaxe of flaming
 D - a +3 antimagic battleaxe
 E - a +1 hand axe of flaming
Missiles
 s - 18 boomerangs (quivered)
 x - 3 poisoned darts
Armour
 h - a +2 plate armour (worn)
 v - a +2 cloak (worn)
 C - a +2 buckler
Jewellery
 a - a ring of resist corrosion
 b - a ring of willpower (right hand)
 j - a ring of protection from cold
 n - a ring of flight (left hand)
 w - a ring of fire
Wands
 u - a wand of flame (10)
Scrolls
 k - a scroll of fog
 m - a scroll of brand weapon
 o - 5 scrolls of teleportation
 p - 3 scrolls of magic mapping
 q - a scroll of fear
 r - 2 scrolls of identify
Potions
 c - 2 potions of lignification
 d - 10 potions of flight
 e - a potion of mutation
 f - 5 potions of curing
 g - 5 potions of haste
 i - 2 potions of berserk rage
 B - a potion of might {unknown}
Miscellaneous
 A - a tin of tremorstones (inert)


   Skills:
 + Level 12.0 Fighting
 - Level 16.0 Axes
 + Level 11.7 Armour
 - Level 2.1 Dodging


You had 10 spell levels left.
You didn't know any spells.
Your spell library was empty.

Dungeon Overview and Level Annotations

Branches:
Dungeon (9/15)             Temple (1/1) D:7             Orc (2/2) D:9
  Sewer (visited)          Bailey (visited)
   Lair: D:8-11         Elf: Orc:2

Altars:
Ashenzari
Cheibriados
Dithmenos
Elyvilon
Fedhas
Gozag
Hepliaklqana
Kikubaaqudgha
Makhleb
Nemelex Xobeh
Okawaru
Qazlal
Ru
Sif Muna
Trog
Uskayaw
Vehumet
Wu Jian
Xom
Yredelemnul
Zin
The Shining One

Shops:
Orc:2 [


Innate Abilities, Weirdness & Mutations

You have a pair of horns on your head.
You reflexively headbutt those who attack you in melee.
Your muscles are strong. (Str +4, Int/Dex -1)


Message History

A red film seems to cover your vision as you go berserk!
You feel yourself moving faster!
You feel mighty! The deep troll bites you. The deep troll claws you!
The deep troll claws you but does no damage.
You completely miss the deep troll. You headbutt the deep troll.
The deep troll is moderately wounded.
The deep troll bites you!
* * * LOW HITPOINT WARNING * * *
The deep troll claws you!
* * * LOW HITPOINT WARNING * * *
The deep troll claws you!
* * * LOW HITPOINT WARNING * * *
You slash the deep troll!
The deep troll is heavily wounded.
You hit the deep troll.
The deep troll is heavily wounded.
The deep troll bites you but does no damage.
The deep troll claws you but does no damage.
The deep troll barely misses you.
You slice the deep troll!!
The deep troll is almost dead.
The deep troll bites you but does no damage.
The deep troll claws you but does no damage.
The deep troll claws you.
* * * LOW HITPOINT WARNING * * *
You slice the deep troll!!
You kill the deep troll!
Trog accepts your kill.
Your Fighting skill increases to level 12!
You feel magic returning to you.
You feel a sense of dread.
y - a +0 vampiric battleaxe (weapon)
You feel a strong urge to attack something.
The troll barely misses you.
The troll claws you but does no damage. x2
Items here: $ )) [[.
You slice the troll!! You headbutt the troll!
The troll is severely wounded.
The troll bites you but does no damage. The troll claws you!
* * * LOW HITPOINT WARNING * * *
The troll claws you!
You die...

#.............##.....
###o...........∩.......
##............##........
#.........#...##..##....
###..o....##.......## ...
###.........##.#....... .#
#........#..#####........ #
#.......##### #..........
#.#......#@.####.........##
####..).)T####..)........#
#....)(T..)).........##
##........))........
#.................#
##..............###
###...........##
#..........##
###...<......#


You could see a troll.

Vanquished Creatures
  A deep troll (Orc:2)
  Pikel (D:5)
  3 orc knights
  An orc sorcerer (Orc:2)
  A cyclops (Orc:2)
  2 trolls
  Grinder (D:5)
  Prince Ribbit (D:8)
  2 wyverns
  Eustachio (D:5)
  9 yaks (D:8)
  3 steam dragons
  Edmund (D:6)
  2 wargs
  2 water moccasins
  18 orc warriors
  A sky beast (D:8)
  An ice beast (D:7)
  5 black bears
  6 ogres
  A lemure (D:5)
  A kobold brigand (D:6)
  A necrophage (D:5)
  2 bullfrogs
  A scorpion (D:5)
  4 wights (D:9)
  6 killer bees (D:7)
  2 howler monkeys (D:9)
  4 hounds
  3 gnoll boudas
  11 orc priests
  4 iguanas
  10 orc wizards
  A merfolk siren (Sewer)
  A merfolk avatar (Sewer)
  12 adders
  21 gnolls
  3 river rats (Sewer)
  A shadow imp (D:7)
  3 white imps
  2 ufetubi
  5 dart slugs
  42 orcs
  3 endoplasms
  6 giant cockroaches
  12 goblins
  7 hobgoblins
  18 kobolds
  5 quokkas
  12 ball pythons
  5 bats
  4 frilled lizards
  32 rats
307 creatures vanquished.

Vanquished Creatures (collateral kills)
  2 orc sorcerers (Orc:1)
  5 orc warriors
  An ogre (Orc:1)
  An orc priest (Orc:1)
  An orc wizard (Orc:1)
  4 orcs (Orc:1)
  2 kobolds (Bailey)
16 creatures vanquished.

Vanquished Creatures (others)
  7 fungi (D:4)
  3 toadstools (D:4)
10 creatures vanquished.

Grand Total: 333 creatures vanquished

Notes
Turn   | Place    | Note
-------+----------+-------------------------------------------
     0 | D:1      | tezeta the Minotaur Berserker began the quest for the Orb.
     0 | D:1      | Reached XP level 1. HP: 19/19 MP: 0/0
   146 | D:1      | Reached skill level 4 in Axes
   229 | D:1      | Found a faded altar of an unknown god.
   262 | D:1      | Reached XP level 2. HP: 25/26 MP: 1/1
   772 | D:1      | Reached skill level 5 in Axes
   878 | D:1      | Reached ** piety under Trog
   879 | D:1      | Reached XP level 3. HP: 31/31 MP: 2/2
  1565 | D:2      | Reached skill level 6 in Axes
  1565 | D:2      | Reached XP level 4. HP: 39/39 MP: 3/3
  2288 | D:2      | Reached XP level 5. HP: 45/45 MP: 4/4
  2401 | D:3      | Reached skill level 7 in Axes
  2509 | D:3      | Reached *** piety under Trog
  2800 | D:3      | Found a stormy altar of Qazlal.
  3169 | D:3      | Gained mutation: Your muscles are strong. (Str +4, Int/Dex
                  | -1) [potion of mutation]
  3266 | D:4      | Reached skill level 8 in Axes
  3569 | D:4      | Reached XP level 6. HP: 51/51 MP: 5/5
  3677 | D:4      | Found an ancient bone altar of Kikubaaqudgha.
  3679 | D:4      | Found a snail-covered altar of Cheibriados.
  3682 | D:4      | Found an opulent altar of Gozag.
  3685 | D:4      | Found a hide-covered altar of Uskayaw.
  3753 | D:4      | Reached skill level 9 in Axes
  4026 | D:4      | Reached XP level 7. HP: 57/57 MP: 6/6
  4080 | D:4      | Reached skill level 10 in Axes
  4610 | D:5      | Entered Level 5 of the Dungeon
  4722 | D:5      | Noticed Eustachio
  4734 | D:5      | Killed Eustachio
  4735 | D:5      | Reached skill level 11 in Axes
  4950 | D:5      | Reached XP level 8. HP: 53/64 MP: 7/7
  5011 | D:5      | Noticed Pikel
  5033 | D:5      | Killed Pikel
  5034 | D:5      | Reached skill level 13 in Axes
  5346 | D:5      | Noticed Grinder
  5351 | D:5      | Paralysed by Grinder for 5 turns
  5357 | D:5      | Killed Grinder
  5358 | D:5      | Reached skill level 14 in Axes
  5829 | D:5      | Reached XP level 9. HP: 70/70 MP: 8/8
  6203 | D:6      | Noticed a troll
  6212 | D:6      | Killed a troll
  6212 | D:6      | Reached **** piety under Trog
  6213 | D:6      | Reached skill level 15 in Axes
  6259 | D:6      | Found a glowing drain.
  6263 | Sewer    | Entered a sewer
  6534 | Sewer    | Identified the +3 leather armour "Qepuetz" {rC++ Will+
                  | Str-3}
  7605 | D:6      | Noticed Edmund
  7624 | D:6      | Killed Edmund
  7625 | D:6      | Reached skill level 16 in Axes
  8121 | D:7      | Found a staircase to the Ecumenical Temple.
  8139 | D:7      | Reached skill level 5 in Fighting
  8325 | D:7      | Reached ***** piety under Trog
  8564 | D:7      | Reached skill level 5 in Armour
  8564 | D:7      | Reached XP level 10. HP: 62/83 MP: 9/9
  9013 | Temple   | Entered the Ecumenical Temple
  9270 | D:8      | Noticed Prince Ribbit
  9303 | D:8      | Killed Prince Ribbit
  9655 | D:8      | Found a flagged portal.
  9667 | Bailey   | Entered a bailey
  9706 | Bailey   | Noticed an orc knight
  9721 | Bailey   | Noticed an orc knight
  9746 | Bailey   | Killed an orc knight
  9750 | Bailey   | Killed an orc knight
 10884 | D:9      | Reached XP level 11. HP: 98/99 MP: 10/10
 10897 | D:9      | Identified the +8 dagger of the Trees {protect, rCorr}
 11142 | D:9      | Identified the +1 ring mail of Generosity {Dex+3}
 11204 | D:9      | Found a staircase to the Orcish Mines.
 11222 | Orc:1    | Entered Level 1 of the Orcish Mines
 11236 | Orc:1    | Noticed an orc knight
 11241 | Orc:1    | Reached skill level 10 in Fighting
 11246 | Orc:1    | Killed an orc knight
 11247 | Orc:1    | Reached skill level 10 in Armour
 11248 | Orc:1    | Noticed an orc sorcerer
 11253 | Orc:1    | Killed an orc sorcerer
 11253 | Orc:1    | Received a gift from Trog
 11262 | Orc:1    | Noticed an orc sorcerer
 11588 | Orc:1    | Paralysed by an orc sorcerer for 4 turns
 11591 | Orc:1    | Noticed a sixfirhy
 11600 | Orc:1    | Killed an orc sorcerer
 11974 | Orc:2    | Entered Level 2 of the Orcish Mines
 12367 | Orc:2    | Found Gatazoc's Antique Armour Shop.
 12397 | Orc:2    | Noticed an orc sorcerer
 12406 | Orc:2    | Killed an orc sorcerer
 12417 | Orc:2    | Noticed a deep troll
 12465 | Orc:2    | Killed a deep troll
 12468 | Orc:2    | HP: 4/156 [troll (7)]
 12468 | Orc:2    | Slain by a troll

Illustrated notes

Levels and vault maps discovered:
D:1:      minmay_arrival_up_and_down, layout_loops_ring, basic_ecumenical_altar,
          chequers_decorated_corner, minmay_tripent
D:2:      cheibrodos_pilgrimage, layout_basic
D:3:      layout_rooms, nicolae_qazlal_general_emergency
D:4:      layout_basic, minitemple, minmay_gold_behind_fungi,
          minmay_manual_monstrance
D:5:      layout_layer_cave, minmay_liquid_box, uniq_pikel, uniq_grinder,
          uniq_eustachio
D:6:      layout_loops_ring, gup_sewer_entry_bowl, kennysheep_generic_room_13,
          uniq_edmund
D:7:      layout_basic, temple_statues
D:8:      layout_basic, enter_bailey_2, uniq_prince_ribbit1
D:9:      layout_rooms, orc_0_dummy
Temple:   minmay_crystal_spiral_temple
Orc:1:    layout_caves, basic_altar
Orc:2:    st_orc_open, layout_diamond_mine, serial_shops, nicolae_square_shop

Skill      XL: |  1  2  3  4  5  6  7  8  9 10 11 |
---------------+----------------------------------+-----
Axes           | 4 5 6 8 9 11 14 16 | 16.0
Fighting       | 5 9 12 | 12.0
Armour         | 5 9 11 | 11.7
Dodging        | |  2.1

Action                   |  1- 3 |  4- 6 |  7- 9 | 10-12 || total
-------------------------+-------+-------+-------+-------++-------
Melee: Hand axe          |    96 |       |       |       ||    96
       Headbutt          |    10 |    13 |    33 |    49 ||   105
       War axe           |     3 |    98 |   252 |    80 ||   433
       Punch             |       |     1 |     3 |       ||     4
       Battleaxe         |       |       |       |   183 ||   183
Throw: Dart              |       |    19 |    40 |    11 ||    70
       Throwing net      |       |       |     8 |       ||     8
       Stone             |       |       |     7 |       ||     7
       Boomerang         |       |       |       |    28 ||    28
Invok: Berserk           |       |     1 |     1 |     4 ||     6
       Brothers in Arms  |       |       |       |     3 ||     3
Evoke: Tin of tremorston |       |       |       |     2 ||     2
  Use: Scroll            |     5 |     5 |     6 |     3 ||    19
       Potion            |     4 |     5 |     5 |     3 ||    17
 Stab: Invisible         |       |     1 |       |       ||     1
       Distracted        |       |       |       |     1 ||     1
Armor: Animal skin       |     2 |       |       |       ||     2
       Plate armour      |    55 |    43 |    99 |   111 ||   308
Dodge: Dodged            |    29 |    33 |    75 |    68 ||   205
